 Dungeon Crawl Stone Soup version 0.28.0-62-gf88900778d (webtiles) character file.

Game seed: 14278477149626481552

11179 cbfl8 the Cleaver (level 11, -6/75 HPs)
             Began as a Demonspawn Fighter on June 30, 2023.
             Was a Priest of Okawaru.
             Killed from afar by a raiju (18 damage)
             ... with a living lightning
             ... on level 3 of the Abyss.
             The game lasted 00:23:25 (19087 turns).

cbfl8 the Cleaver (Demonspawn Fighter)             Turns: 19087, Time: 00:23:25

Health: -6/75      AC: 20    Str: 30      XL:     11   Next: 45%
Magic:  10/12      EV: 12    Int:  7 (9)  God:    Okawaru [***...]
Gold:   413        SH: 13    Dex: 20      Spells: 10/10 levels left

rFire   + . .      SeeInvis .   y - +1 broad axe (vorpal)
rCold   + . .      Faith    .   O - +0 kite shield {reflect}
rNeg    . . .      Spirit   .   x - +0 plate armour
rPois   .          Reflect  +   v - +2 hat {Will+}
rElec   .          Harm     .   z - scarf {rC+ rF+}
rCorr   .          Rampage  .   A - +0 pair of gloves
Will    +....      Rnd*Tele +   K - +0 pair of boots
Stlth   ++........              (no amulet)
HPRegen 0.22/turn               n - +6 ring of strength
MPRegen 0.13/turn               D - +6 ring of strength

@: heroic
A: thin skeletal structure 2, powered by death 2, powered by pain 2, demonic
touch 2, frail 1, screaming 1, teleportitis 1
a: Renounce Religion, Heroism


You were on level 3 of the Abyss.
You worshipped Okawaru.
Okawaru was most pleased with you.
You visited 2 branches of the dungeon, and saw 12 of its levels.
You visited the Abyss 1 time.
You also visited: Ossuary.

You collected 595 gold pieces.
You spent 182 gold pieces at shops.

Inventory:

Hand Weapons
 a - a +0 war axe of flaming
 y - a +1 vorpal broad axe (weapon)
Armour
 v - a +2 hat of willpower (worn)
 x - a +0 plate armour (worn)
 z - a scarf of resistance (worn)
 A - a +0 pair of gloves (worn)
 K - a +0 pair of boots (worn)
 O - a +0 kite shield of reflection (worn)
Jewellery
 k - a +4 ring of evasion
 n - a +6 ring of strength (left hand)
 D - a +6 ring of strength (right hand)
 F - a ring of willpower
Wands
 h - a wand of polymorph (6)
 p - a wand of acid (6) (quivered)
 C - a wand of flame (18)
 G - a wand of paralysis (1)
 M - a wand of mindburst (6)
Scrolls
 d - 2 scrolls of fog {unknown}
 e - 2 scrolls of enchant armour
 f - 3 scrolls of enchant weapon
 l - a scroll of noise {unknown}
 m - a scroll of holy word
 s - a scroll of magic mapping {unknown}
 B - 2 scrolls of blinking {unknown}
 I - 4 scrolls of fear
 J - 2 scrolls of teleportation
 L - 2 scrolls of acquirement {unknown}
 Q - a scroll of silence {unknown}
Potions
 b - a potion of lignification {unknown}
 c - a potion of haste {unknown}
 g - 2 potions of cancellation {unknown}
 i - 2 potions of brilliance {unknown}
 j - 3 potions of heal wounds {unknown}
 o - 2 potions of resistance
 q - 2 potions of invisibility {unknown}
 r - 2 potions of attraction {unknown}
 t - 2 potions of mutation {unknown}
 E - a potion of ambrosia {unknown}
 H - 2 potions of berserk rage {unknown}
Miscellaneous
 N - a phial of floods


   Skills:
 * Level 7.2(12.2) Fighting
 + Level 10.1(15.1) Axes
 + Level 7.1(12.1) Armour
 * Level 3.8(8.8) Dodging
 * Level 3.5(8.5) Stealth
 * Level 5.3(10.3) Shields
 * Level 2.5 Invocations
 * Level 7.7 Evocations


You had 10 spell levels left.
You didn't know any spells.
Your spell library contained the following spells:

 Spells                   Type           Power      Damage    Failure   Level
 Static Discharge         Conj/Air       0%         N/A       100%        2
 Dazzling Flash           Conj/Hex       0%         N/A       100%        3
 Agony                    Necr           0%         N/A       100%        5
 Lightning Bolt           Conj/Air       0%         1d11      100%        5
 Silence                  Hex/Air        0%         N/A       100%        5
 Maxwell's Capacitive Co  Air            0%         ∞         100%        8


Dungeon Overview and Level Annotations

Branches:
Dungeon (11/15)            Temple (1/1) D:7            Lair (0/6) D:9
    Orc (0/2) D:11        Ossuary (visited)

Altars:
Ashenzari
Cheibriados
Dithmenos
Elyvilon
Fedhas
Gozag
Hepliaklqana
Kikubaaqudgha
Makhleb
Nemelex Xobeh
Okawaru
Qazlal
Ru
Sif Muna
Trog
Uskayaw
Vehumet
Wu Jian
Xom
Yredelemnul
Zin
The Shining One

Shops:
D:4 (   D:9 (   D:10 [

Portals:
Abyss: D:6

Annotations:
D:6 2 transporters, Jingleheimer's ghost, weakling OpDe


Innate Abilities, Weirdness & Mutations

You have a moderately thin skeletal structure. (Dex +4, Stealth++)
You regenerate health from kills.
You sometimes gain power by taking damage.
Your touch may inflict irresistible damage on your foes.
You are frail. (-10% HP)
You occasionally shout uncontrollably at your foes.
You are occasionally teleported next to monsters.


Message History

A spatial vortex comes into view.
You block the raiju's attack.
You slash the raiju!
The raiju is severely wounded.
You closely miss the raiju. The raiju bites you but does no damage.
The raiju bites you. The raiju shocks you!
The raiju bursts into living lightning!
The living lightning hits the raiju.
The raiju completely resists.
The living lightning hits you.
The raiju blinks!
You hit the raiju but do no damage.
The raiju is severely wounded.
You hit the raiju. x2; The raiju bites you but does no damage. x2
You block the raiju's attack.
The raiju bursts into living lightning!
The living lightning hits you!
The raiju blinks!
Unknown command.
You closely miss the raiju.
The raiju is severely wounded.
You hit the raiju but do no damage. x2; The raiju bites you but does no damage. x2
The raiju bites you. The raiju shocks you!
The raiju bites you but does no damage.
You are too injured to fight recklessly!
Unknown command.
Unknown command.
Okay, then.
You gain the combat prowess of a mighty hero.
The raiju bites you. The raiju shocks you!
* * * LOW HITPOINT WARNING * * *
The raiju bursts into living lightning!
The living lightning hits you!
* * * LOW HITPOINT WARNING * * *
The raiju blinks!
The raiju bites you but does no damage.
You hit the raiju.
The raiju is severely wounded.
You slash the raiju! You hit the raiju but do no damage.
You hear a chilling moan.
You block the raiju's attack.
The raiju bursts into living lightning!
The living lightning hits you!!
You die...

## #.# ### #..# #.#
...#.#
########..#.# . #.#
## ##......##
..##....# #
..'......#.##.....#
#. ##....#.'.#h#.
.#.# ### ## ##.#h@#
#### #.#.#h##.#
#..##.####
.##..#..# .. ##.##.
. #'## #.# ...# #
## .. ..... #


You could see 3 raiju.

Vanquished Creatures
  Gastronok (D:8)
  2 two-headed ogres (D:10)
  A cyclops (D:11)
  Maggie (D:8)
  3 trolls
  2 shadows
  Sigmund (D:2)
  3 yaks (D:9)
  A neqoxec (Abyss:3)
  The ghost of cbfl8 the Chopper, an amateur DsBe of Trog (D:4)
  A steam dragon (D:9)
  Menkaure (D:7)
  2 wargs (D:9)
  2 acid dragons
  3 ice beasts (D:7)
  6 orc warriors
  2 sky beasts
  2 black bears
  A necrophage (D:4)
  3 ogres
  2 centaurs
  A phantom (D:5)
  2 kobold brigands (D:8)
  Blork the orc (D:5)
  2 bullfrogs
  6 elf zombies (Ossuary)
  A gnoll sergeant (D:11)
  A water moccasin zombie (D:5)
  A wyvern skeleton (D:6)
  4 scorpions
  15 killer bees
  4 electric eels
  2 howler monkeys (D:9)
  7 wights
  A vampire bat (D:9)
  A bullfrog zombie (D:5)
  4 centaur zombies
  7 hounds
  4 human zombies (Ossuary)
  Crazy Yiuf (D:5)
  4 orc priests
  A gnoll shaman (D:9)
  An iron imp (D:7)
  3 iguanas
  11 orc wizards
  A hound zombie (D:5)
  3 mummies (Ossuary)
  11 gnolls
  10 adders
  An ufetubus (D:5)
  2 adder zombies (D:5)
  A worm (D:4)
  33 orcs
  4 bat skeletons (D:9)
  2 bat zombies (D:9)
  5 endoplasms
  7 giant cockroaches
  7 goblins
  2 hobgoblins (D:4)
  2 jackals (D:1)
  15 kobolds
  2 quokkas (D:4)
  3 ball pythons
  4 bats
  3 frilled lizards
  8 rats
252 creatures vanquished.

Vanquished Creatures (collateral kills)
  A water moccasin (D:7)
  An orc (D:7)
2 creatures vanquished.

Vanquished Creatures (others)
  An unseen horror (D:10)
  A fungus (D:5)
  18 plants (D:9)
20 creatures vanquished.

Grand Total: 274 creatures vanquished

Notes
Turn   | Place    | Note
-------+----------+-------------------------------------------
     0 | D:1      | cbfl8 the Demonspawn Fighter began the quest for the Orb.
     0 | D:1      | Reached XP level 1. HP: 18/18 MP: 1/1
   210 | D:1      | Gained mutation: Your touch may inflict minor irresistible
                  | damage on your foes. [demonic ancestry]
   210 | D:1      | Reached XP level 2. HP: 24/24 MP: 2/2
   503 | D:1      | Reached skill level 2 in Axes
   921 | D:2      | Noticed Sigmund
   936 | D:2      | Killed Sigmund
   937 | D:2      | Reached skill level 3 in Axes
   937 | D:2      | Gained mutation: You sometimes gain a little power by
                  | taking damage. [demonic ancestry]
   937 | D:2      | Reached XP level 3. HP: 4/29 MP: 3/3
   937 | D:2      | Gained mutation: You regenerate a little health from kills.
                  | [demonic ancestry]
   937 | D:2      | Reached XP level 4. HP: 5/35 MP: 4/4
   937 | D:2      | Gained mutation: You sometimes gain power by taking damage.
                  | [demonic ancestry]
   937 | D:2      | Reached XP level 5. HP: 6/41 MP: 5/5
  2313 | D:2      | Found a faded altar of an unknown god.
  2722 | D:3      | Reached skill level 1 in Dodging
  2776 | D:3      | Noticed a centaur
  2786 | D:3      | Killed a centaur
  2787 | D:3      | Gained mutation: Your touch may inflict irresistible damage
                  | on your foes. [demonic ancestry]
  2787 | D:3      | Reached XP level 6. HP: 45/47 MP: 6/6
  3393 | D:4      | Reached skill level 4 in Axes
  4038 | D:4      | Reached XP level 7. HP: 41/53 MP: 7/7
  4232 | D:4      | Found Qeumyll's Antique Weapon Boutique.
  4454 | D:4      | Found a runed translucent door.
  4461 | D:4      | Noticed cbfl8's ghost (amateur DsBe)
  4516 | D:5      | Entered Level 5 of the Dungeon
  4516 | D:5      | Found a blossoming altar of Fedhas.
  4637 | D:5      | Found a sand-covered staircase.
  4647 | Ossuary  | Entered an ossuary
  4756 | Ossuary  | Reached skill level 5 in Axes
  4798 | Ossuary  | Gained mutation: You have a somewhat thin skeletal
                  | structure. (Dex +2, Stealth+) [demonic ancestry]
  4798 | Ossuary  | Reached XP level 8. HP: 18/60 MP: 8/8
  5474 | Ossuary  | Reached skill level 6 in Axes
  6151 | D:5      | Reached skill level 5 in Armour
  6518 | D:5      | Reached skill level 1 in Stealth
  6747 | D:5      | Noticed Blork the orc
  6755 | D:5      | Reached skill level 5 in Fighting
  6755 | D:5      | Reached XP level 9. HP: 67/68 MP: 9/9
  6759 | D:5      | Killed Blork the orc
  6760 | D:5      | Reached skill level 7 in Axes
  7006 | D:5      | Found a runed translucent door.
  7007 | D:5      | Noticed Crazy Yiuf
  7434 | D:4      | Bought a glowing broad axe for 182 gold pieces
  7505 | D:4      | Killed cbfl8's ghost
  7506 | D:4      | Reached skill level 5 in Evocations
  7725 | D:5      | Killed Crazy Yiuf
  8420 | D:6      | Found a transporter.
  8420 | D:6      | Noticed a worldbinder
  8426 | D:6      | Found a transporter.
  8458 | D:6      | Noticed a troll
  8469 | D:6      | Killed a troll
  8683 | D:6      | Found a one-way gate to the infinite horrors of the Abyss.
  8683 | D:6      | Noticed Jingleheimer's ghost (weakling OpDe)
  8683 | D:6      | Noticed an orange demon
  9206 | D:6      | Reached skill level 8 in Axes
  9562 | D:7      | Found an opulent altar of Gozag.
  9563 | D:7      | Noticed Menkaure
  9568 | D:7      | Killed Menkaure
  9845 | D:7      | Found a shadowy altar of Dithmenos.
 10048 | D:6      | Gained mutation: You regenerate health from kills. [demonic
                  | ancestry]
 10048 | D:6      | Reached XP level 10. HP: 46/76 MP: 10/10
 10581 | D:7      | Found a staircase to the Ecumenical Temple.
 10639 | D:7      | Found a snail-covered altar of Cheibriados.
 10901 | Temple   | Entered the Ecumenical Temple
 10966 | Temple   | Became a worshipper of Warmaster Okawaru
 12489 | D:7      | Reached * piety under Okawaru
 13101 | D:8      | Noticed Maggie
 13108 | D:8      | Killed Maggie
 13313 | D:8      | Reached skill level 9 in Axes
 13690 | D:8      | Noticed Gastronok
 13704 | D:8      | Killed Gastronok
 13704 | D:8      | Reached ** piety under Okawaru
 14251 | D:9      | Found Toes's Weapon Shop.
 14741 | D:9      | Found a staircase to the Lair.
 14830 | D:9      | Found a bloodstained altar of Trog.
 14975 | D:9      | Gained mutation: You have a moderately thin skeletal
                  | structure. (Dex +4, Stealth++) [demonic ancestry]
 14975 | D:9      | Reached XP level 11. HP: 72/83 MP: 11/11
 15120 | D:9      | Found an ancient bone altar of Kikubaaqudgha.
 15638 | D:10     | Entered Level 10 of the Dungeon
 15638 | D:10     | Found Mureg's Armour Shoppe.
 15646 | D:10     | Reached skill level 1 in Invocations
 15905 | D:10     | Found a hazy altar of Hepliaklqana.
 15914 | D:10     | Noticed a two-headed ogre
 15920 | D:10     | Killed a two-headed ogre
 15921 | D:10     | Reached skill level 5 in Shields
 16490 | D:10     | Reached skill level 10 in Axes
 16813 | D:11     | Noticed a two-headed ogre
 16923 | D:10     | Killed a two-headed ogre
 16923 | D:10     | Reached *** piety under Okawaru
 18497 | D:11     | Found a staircase to the Orcish Mines.
 18992 | D:11     | Noticed a skeletal warrior
 18993 | D:11     | Noticed a wizard
 18994 | D:11     | Cast into level 3 of the Abyss (a wizard)
 19047 | Abyss:3  | Gained mutation: You are occasionally teleported next to
                  | monsters. [a neqoxec]
 19050 | Abyss:3  | Gained mutation: You occasionally shout uncontrollably at
                  | your foes. [a neqoxec]
 19059 | Abyss:3  | Gained mutation: You are frail. (-10% HP) [a neqoxec]
 19087 | Abyss:3  | Killed from afar by a raiju

Illustrated notes

Levels and vault maps discovered:
D:1:      dpeg_arrival_simpleton_c, layout_basic, wad_floor_pattern_2,
          chequers_serial_rivers_micro_d, chequers_mini_garden
D:2:      layout_basic, shapermc_ecumenical_altar_petra, uniq_sigmund
D:3:      layout_basic
D:4:      layout_gridville, serial_shops, shop_statue, ebering_ghost_sewer_d
D:5:      layout_layer_cave, mainiacjoe_overflow_tiny_flanked,
          lightli_ossuary_entry_decrepit_ruins, minmay_joined_circles,
          uniq_blork_the_orc, uniq_crazy_yiuf_cottage
D:6:      layout_cave_pools, gammafunk_ghost_abyssal_escape
D:7:      layout_basic, slow_altar_1, kennysheep_mini,
          nicolae_gozag_seed_capital, minmay_temple_entry_poolview, st_stairs_1,
          uniq_menkaure
D:8:      layout_gridville, minmay_crystal_water, minmay_misc_feat_four_crosses,
          uniq_maggie, uniq_gastronok
D:9:      layout_basic, kennysheep_vampire_church, mainiacjoe_overflow_24_doors,
          erik_lair_orcish_takeover, serial_shops,
          nicolae_shop_bloodbath_and_beyond, minmay_liquid_box,
          serial_bayou_lagoon_b
D:10:     layout_roguey, lemuel_coloured_pillars_altar,
          overflow_temple_1_default, serial_shops, shop,
          nicolae_figureground_pulse
D:11:     minmay_cornered_nines, layout_long_grid, david_orc_2,
          nrook_mini_backslash, kennysheep_orc_sif_temple
Temple:   eino_temple_water
Abyss:3:  base:
D:10

Skill      XL: |  1  2  3  4  5  6  7  8  9 10 11 |
---------------+----------------------------------+-----
Armour         | 3 4 5 6 7 |  7.1
Axes           | 3 4 5 6 8 9 10 | 10.1
Shields        | 3 4 5 |  5.3
Evocations     | 2 3 4 6 7 |  7.7
Dodging        | 1 2 3 |  3.8
Fighting       | 4 5 6 7 |  7.2
Stealth        | 1 2 3 |  3.5
Invocations    | 2 |  2.5

Action                   |  1- 3 |  4- 6 |  7- 9 | 10-12 || total
-------------------------+-------+-------+-------+-------++-------
Melee: War axe           |    67 |   133 |   268 |       ||   468
       Broad axe         |       |       |   142 |   374 ||   516
Invok: Heroism           |       |       |       |     2 ||     2
Evoke: Wand              |       |       |     9 |    15 ||    24
  Use: Potion            |     1 |     1 |     7 |     5 ||    14
       Scroll            |     1 |     1 |     6 |     8 ||    16
 Stab: Invisible         |       |       |     1 |       ||     1
       Sleeping          |       |       |     1 |       ||     1
       Paralysed         |       |       |       |     4 ||     4
Armor: Scale mail        |    45 |    94 |   125 |       ||   264
       Chain mail        |       |       |    60 |    89 ||   149
       Plate armour      |       |       |       |   105 ||   105
Dodge: Dodged            |    25 |    65 |   203 |   173 ||   466
Block: Buckler           |    10 |    56 |   141 |   112 ||   319
       Kite shield       |       |       |       |    36 ||    36
       Reflection        |       |       |       |     1 ||     1
